 Dungeon Crawl Stone Soup version 0.31-a0-920-g28cbb04a8c (webtiles) character file.

Game seed: 9482633543556124288

10664 lessens the Blocker (level 11, 0/89 HPs)
             Began as a Gnoll Fighter on Oct 17, 2023.
             Was an Elder of Nemelex Xobeh.
             Collided with a rock wall (9 damage)
             ... caused by a rakshasa
             ... on level 11 of the Dungeon.
             The game lasted 00:17:01 (11497 turns).

lessens the Blocker (Gnoll Fighter)                Turns: 11497, Time: 00:17:01

Health: 0/89       AC: 12    Str: 29    XL:     11   Next: 65%
Magic:  20/20      EV: 12    Int:  8    God:    Nemelex Xobeh [****..]
Gold:   390        SH:  0    Dex: 11    Spells: 23/23 levels left

rFire   . . .        a - +4 battleaxe
rCold   . . .        (shield currently unavailable)
rNeg    + + .        y - +0 scale mail
rPois   .            P - +0 helmet "Gedigg" {rN+ Str+3 Stlth+}
rElec   .            x - +0 cloak
rCorr   .            (no gloves)
SInv    .            M - +0 pair of boots
Will    .....        (no amulet)
Stlth   +++          B - ring of positive energy
HPRegen 0.34/turn    A - +6 ring of strength
MPRegen 0.17/turn

%: no passive effects
@: no status effects
A: fangs 1, strong nose, distributed training
a: Renounce Religion, Draw Escape, Draw Destruction, Draw Summoning, Triple
Draw, Deal Four


You were on level 11 of the Dungeon.
You worshipped Nemelex Xobeh.
Nemelex Xobeh was greatly pleased with you.
You visited 2 branches of the dungeon, and saw 12 of its levels.

You collected 665 gold pieces.
You spent 275 gold pieces at shops.

Inventory:

Hand Weapons
 a - a +4 battleaxe (weapon)
 b - a +1 rapier of venom
Missiles
 e - 129 stones
 g - 4 curare-tipped darts (quivered)
 j - 3 throwing nets
 w - 7 boomerangs
 C - 5 javelins
 I - 4 poisoned darts
Armour
 c - a +0 buckler
 x - a +0 cloak (worn)
 y - a +0 scale mail (worn)
 M - a +0 pair of boots (worn)
 P - the +0 helmet "Gedigg" (worn) {rN+ Str+3 Stlth+}
   (You bought it in a shop on level 10 of the Dungeon)

   Str+3:     It affects your strength (+3).
   rN+:       It protects you from negative energy.
   Stlth+:    It makes you more stealthy.
Jewellery
 A - a +6 ring of strength (right hand)
 B - a ring of positive energy (left hand)
 N - an amulet of magic regeneration
Wands
 u - a wand of flame (18)
Scrolls
 h - 3 scrolls of identify
 i - 5 scrolls of brand weapon {unknown}
 k - a scroll of immolation {unknown}
 o - 3 scrolls of teleportation
 p - 2 scrolls of fear
 q - 2 scrolls of vulnerability {unknown}
 t - 2 scrolls of acquirement {unknown}
 v - a scroll of enchant weapon {unknown}
 z - 3 scrolls of enchant armour
 G - 2 scrolls of poison {unknown}
 O - a scroll of revelation {unknown}
Potions
 d - 3 potions of might
 f - 6 potions of heal wounds
 l - a potion of brilliance {unknown}
 m - 7 potions of curing
 n - 2 potions of lignification
 r - 3 potions of cancellation
 s - a potion of berserk rage {unknown}
 D - a potion of mutation {unknown}
 E - a potion of haste {unknown}
 F - 3 potions of enlightenment {unknown}
 H - 3 potions of magic {unknown}
 J - a potion of resistance {unknown}
 K - a potion of attraction {unknown}


   Skills:
 + Level 9.4 Fighting
 + Level 6.6 Short Blades
 + Level 6.6 Long Blades
 + Level 8.1 Axes
 + Level 6.6 Maces & Flails
 + Level 6.6 Polearms
 + Level 6.6 Staves
 + Level 6.6 Ranged Weapons
 + Level 6.6 Throwing
 + Level 9.4 Armour
 + Level 6.6 Dodging
 + Level 6.6 Stealth
 + Level 9.4 Shields
 + Level 6.6 Unarmed Combat
 + Level 6.6 Spellcasting
 + Level 5.5 Conjurations
 + Level 5.5 Hexes
 + Level 5.5 Summonings
 + Level 5.5 Necromancy
 + Level 5.5 Translocations
 + Level 5.5 Transmutations
 + Level 5.5 Fire Magic
 + Level 5.5 Ice Magic
 + Level 5.5 Air Magic
 + Level 5.5 Earth Magic
 + Level 5.5 Poison Magic
 + Level 7.2 Invocations
 + Level 6.6 Evocations
 + Level 6.0 Shapeshifting


You had 23 spell levels left.
You didn't know any spells.
Your spell library contained the following spells:

 Spells                   Type           Power      Damage    Failure   Level
 Foxfire                  Conj/Fire      44%        2x1d6     4%          1
 Magic Dart               Conj           44%        1d5       4%          1
 Call Imp                 Summ           22%        N/A       7%          2
 Mephitic Cloud           Conj/Pois/Air  11%        N/A       13%         3
 Stone Arrow              Conj/Erth      22%        3d8       13%         3
 Animate Armour           Summ/Erth      22%        N/A       41%         4
 Plasma Beam              Fire/Air       5%         2x1d16    100%        6
 Starburst                Conj/Fire      5%         6d4       100%        6
 Lehudib's Crystal Spear  Conj/Erth      5%         10d3      100%        8


Dungeon Overview and Level Annotations

Branches:
Dungeon (11/15) Zot: 25353  Temple (1/1) D:4 Zot: 5998    Lair (0/5) D:11
    Orc (0/2) D:11

Altars:
Ashenzari
Cheibriados
Dithmenos
Elyvilon
Fedhas
Gozag
Hepliaklqana
Kikubaaqudgha
Makhleb
Nemelex Xobeh
Okawaru
Qazlal
Ru
Sif Muna
Trog
Uskayaw
Vehumet
Wu Jian
Xom
Yredelemnul
Zin
The Shining One

Shops:
D:10 [

Annotations:
D:3 2 transporters, Morowski's ghost, amateur SpWr


Innate Abilities, Weirdness & Mutations

You have very sharp teeth.
Your uncanny sense of smell can sniff out nearby items.
Your experience applies equally to all skills.


Message History

You kill the rakshasa!
The rakshasa shimmers and vanishes!
The rakshasa hits you with a +0 whip! The rakshasa closely misses you.
You closely miss the rakshasa.
The rakshasa is severely wounded.
The rakshasa hits you with a +0 whip!
You hit the rakshasa.
The rakshasa is severely wounded.
The rakshasa gestures at you. The lance of force misses you.
You miss the rakshasa.
The rakshasa is almost dead.
You closely miss the rakshasa.
The rakshasa hits you but does no damage.
The rakshasa gestures at you. The lance of force misses you.
You barely miss the rakshasa.
The rakshasa is almost dead.
You slash the rakshasa!
The rakshasa blinks!
The rakshasa barely misses you. The rakshasa hits you with a +0 whip!
You barely miss the rakshasa.
The rakshasa is severely wounded.
The rakshasa misses you.
You barely miss the rakshasa.
The rakshasa is severely wounded.
The rakshasa hits you but does no damage.
You closely miss the rakshasa.
The rakshasa is severely wounded.
The rakshasa blinks!
The rakshasa hits you with a +0 whip!
* * * LOW HITPOINT WARNING * * *
You closely miss the rakshasa.
The rakshasa is severely wounded.
The rakshasa blinks!
The rakshasa gestures at you. The lance of force hits you!
* * * LOW HITPOINT WARNING * * *
You are knocked back by the lance of force.
You slam into the rock wall!
You die...
Your body glows with a rainbow of weird colours and disappears.

....# #...>....# +.>....... ....#
#........# #......... ..>.#####
#........# #.....<... ....'...#
#........# #.........
....###.####..†.....# #...>.....
....# #....'†..§....+ ##+#######
##### ######........# #.# ###
####'##### #.## ..# #.@# #..#
#'####### ##R.# ##.# ........#
#####+## ####'######
........#####......####.........#
........#...'......##.'.........'
.......)).###.<....'..#.........#
........### #...[..####.........#
######### #...[..# #.........#
#...)).# ###########


You could see a rakshasa (very poisoned).

Vanquished Creatures
  Harold (D:10)
  4 two-headed ogres
  Sonja (D:11)
  Pikel (D:5)
  A komodo dragon (D:11)
  A troll (D:7)
  Grinder (D:6)
  2 shadows
  A wraith (D:11)
  10 yaks
  Eustachio (D:6)
  Menkaure (D:4)
  An acid dragon (D:9)
  A sky beast (D:3)
  2 ice beasts
  2 orc warriors
  4 black bears
  2 ogres
  5 centaurs
  A kobold brigand (D:7)
  4 bullfrogs
  A gnoll sergeant (D:7)
  3 scorpions
  4 wights
  2 killer bees (D:11)
  5 howler monkeys
  5 orc priests
  5 hounds
  A jelly (D:5)
  Terence (D:2)
  13 orc wizards
  4 iguanas
  8 adders
  8 gnolls
  A white imp (D:6)
  3 worms
  3 dart slugs
  35 orcs
  3 endoplasms
  A giant cockroach (D:1)
  11 hobgoblins
  2 jackals (D:1)
  5 quokkas
  10 ball pythons
  5 bats
  2 frilled lizards
  6 goblins
  13 kobolds
  3 rats
210 creatures vanquished.

Vanquished Creatures (collateral kills)
  A troll (D:11)
  A water moccasin (D:5)
  2 killer bees (D:11)
  An adder (D:5)
5 creatures vanquished.

Grand Total: 215 creatures vanquished

Notes
Turn   | Place    | Note
-------+----------+-------------------------------------------
     0 | D:1      | lessens the Gnoll Fighter began the quest for the Orb.
     0 | D:1      | Reached XP level 1. HP: 23/23 MP: 1/1
   262 | D:1      | Reached XP level 2. HP: 29/29 MP: 2/2
   806 | D:2      | Reached XP level 3. HP: 32/35 MP: 3/3
   909 | D:2      | Reached skill level 1 in Invocations
   955 | D:2      | Found a sparkling altar of Nemelex Xobeh.
   962 | D:2      | Became a worshipper of Nemelex Xobeh the Trickster
  1078 | D:2      | Reached skill level 1 in Short Blades
  1078 | D:2      | Reached skill level 1 in Long Blades
  1078 | D:2      | Reached skill level 1 in Maces & Flails
  1078 | D:2      | Reached skill level 1 in Polearms
  1078 | D:2      | Reached skill level 1 in Staves
  1078 | D:2      | Reached skill level 1 in Ranged Weapons
  1078 | D:2      | Reached skill level 1 in Throwing
  1078 | D:2      | Reached skill level 1 in Dodging
  1078 | D:2      | Reached skill level 1 in Stealth
  1078 | D:2      | Reached skill level 1 in Unarmed Combat
  1078 | D:2      | Reached skill level 1 in Spellcasting
  1078 | D:2      | Reached skill level 1 in Evocations
  1142 | D:2      | Noticed Terence
  1148 | D:2      | Reached skill level 1 in Shapeshifting
  1148 | D:2      | Reached XP level 4. HP: 21/41 MP: 5/5
  1154 | D:2      | Killed Terence
  1155 | D:2      | Reached skill level 1 in Conjurations
  1155 | D:2      | Reached skill level 1 in Hexes
  1155 | D:2      | Reached skill level 1 in Summonings
  1155 | D:2      | Reached skill level 1 in Necromancy
  1155 | D:2      | Reached skill level 1 in Translocations
  1155 | D:2      | Reached skill level 1 in Transmutations
  1155 | D:2      | Reached skill level 1 in Fire Magic
  1155 | D:2      | Reached skill level 1 in Ice Magic
  1155 | D:2      | Reached skill level 1 in Air Magic
  1155 | D:2      | Reached skill level 1 in Earth Magic
  1155 | D:2      | Reached skill level 1 in Poison Magic
  1571 | D:2      | Reached XP level 5. HP: 20/47 MP: 7/7
  1672 | D:3      | Reached * piety under Nemelex Xobeh
  1750 | D:3      | Received a gift from Nemelex Xobeh
  1753 | D:3      | Noticed Morowski's ghost (amateur SpWr)
  1757 | D:3      | Found a transporter.
  1761 | D:3      | Found a transporter.
  1894 | D:3      | Reached XP level 6. HP: 53/53 MP: 8/8
  1938 | D:3      | Reached skill level 5 in Axes
  2558 | D:4      | Noticed a sky beast
  2602 | D:3      | Killed a sky beast
  2795 | D:4      | Noticed an ice beast
  2801 | D:4      | Reached XP level 7. HP: 59/59 MP: 10/10
  3230 | D:4      | Noticed Menkaure
  3242 | D:5      | Entered Level 5 of the Dungeon
  3482 | D:5      | Noticed Pikel
  3523 | D:5      | Killed Pikel
  3524 | D:5      | Reached XP level 8. HP: 57/67 MP: 12/12
  3691 | D:4      | Killed Menkaure
  3754 | D:4      | Found a staircase to the Ecumenical Temple.
  3760 | Temple   | Entered the Ecumenical Temple
  4833 | D:6      | Identified the of Hyichyuck
  4833 | D:6      | Identified the "Tuttin"
  4833 | D:6      | Identified the "Ulodolor"
  4850 | D:6      | Found a hide-covered altar of Uskayaw.
  4909 | D:6      | Noticed Grinder
  4923 | D:6      | Killed Grinder
  4924 | D:6      | Reached XP level 9. HP: 52/73 MP: 15/15
  5044 | D:6      | Noticed Eustachio
  5060 | D:6      | Killed Eustachio
  5089 | D:6      | Found a shimmering blue altar of Sif Muna.
  5595 | D:6      | Reached ** piety under Nemelex Xobeh
  5882 | D:7      | Received a gift from Nemelex Xobeh
  6453 | D:7      | Found an opulent altar of Gozag.
  6658 | D:7      | Reached skill level 5 in Invocations
  7033 | D:7      | Noticed a troll
  7043 | D:7      | Killed a troll
  7229 | D:7      | Reached *** piety under Nemelex Xobeh
  7420 | D:8      | Reached XP level 10. HP: 80/80 MP: 17/17
  7545 | D:8      | Reached skill level 5 in Short Blades
  7545 | D:8      | Reached skill level 5 in Long Blades
  7545 | D:8      | Reached skill level 5 in Maces & Flails
  7545 | D:8      | Reached skill level 5 in Polearms
  7545 | D:8      | Reached skill level 5 in Staves
  7545 | D:8      | Reached skill level 5 in Ranged Weapons
  7545 | D:8      | Reached skill level 5 in Throwing
  7545 | D:8      | Reached skill level 5 in Dodging
  7545 | D:8      | Reached skill level 5 in Stealth
  7545 | D:8      | Reached skill level 5 in Unarmed Combat
  7545 | D:8      | Reached skill level 5 in Spellcasting
  7545 | D:8      | Reached skill level 5 in Evocations
  7641 | D:8      | Found a glowing silver altar of Zin.
  8185 | D:8      | Found a glowing golden altar of the Shining One.
  8837 | D:9      | Noticed a two-headed ogre
  8857 | D:9      | Killed a two-headed ogre
  8858 | D:9      | Reached skill level 5 in Shapeshifting
  8902 | D:9      | Noticed a two-headed ogre
  8907 | D:9      | Killed a two-headed ogre
  9402 | D:9      | Received a gift from Nemelex Xobeh
  9529 | D:10     | Entered Level 10 of the Dungeon
  9561 | D:10     | Reached **** piety under Nemelex Xobeh
  9601 | D:10     | Found an ancient bone altar of Kikubaaqudgha.
  9622 | D:10     | Found Jafir's Antique Armour Emporium.
  9640 | D:10     | Reached XP level 11. HP: 63/87 MP: 19/19
  9644 | D:10     | Reached skill level 5 in Conjurations
  9644 | D:10     | Reached skill level 5 in Hexes
  9644 | D:10     | Reached skill level 5 in Summonings
  9644 | D:10     | Reached skill level 5 in Necromancy
  9644 | D:10     | Reached skill level 5 in Translocations
  9644 | D:10     | Reached skill level 5 in Transmutations
  9644 | D:10     | Reached skill level 5 in Fire Magic
  9644 | D:10     | Reached skill level 5 in Ice Magic
  9644 | D:10     | Reached skill level 5 in Air Magic
  9644 | D:10     | Reached skill level 5 in Earth Magic
  9644 | D:10     | Reached skill level 5 in Poison Magic
  9734 | D:10     | Received a gift from Nemelex Xobeh
 10076 | D:10     | Bought a steaming helmet for 275 gold pieces
 10076 | D:10     | Identified the +0 helmet "Gedigg" {rN+ Str+3 Stlth+} (You
                  | bought it in a shop on level 10 of the Dungeon)
 10143 | D:11     | Noticed a two-headed ogre
 10156 | D:11     | Killed a two-headed ogre
 10288 | D:11     | Received a gift from Nemelex Xobeh
 10546 | D:11     | Found a staircase to the Lair.
 10744 | D:10     | Noticed Harold
 10753 | D:10     | Killed Harold
 10877 | D:10     | Found a burning altar of Makhleb.
 11069 | D:11     | Noticed a two-headed ogre
 11079 | D:11     | Killed a two-headed ogre
 11247 | D:11     | Received a gift from Nemelex Xobeh
 11266 | D:11     | Noticed Sonja
 11270 | D:11     | Killed Sonja
 11370 | D:11     | Found a staircase to the Orcish Mines.
 11480 | D:11     | Noticed a rakshasa
 11497 | D:11     | Collided with a rock wall

Illustrated notes

Levels and vault maps discovered:
D:1:      amcnicky_arrival_feature_with_door, layout_basic, minmay_tromino_v4_b
D:2:      layout_basic, basic_altar, uniq_terence
D:3:      layout_rooms, gammafunk_ghost_mausoleum
D:4:      layout_basic, temple_statues, uniq_menkaure
D:5:      layout_cave_pools, uniq_pikel
D:6:      layout_basic, overflow_temple_1_default,
          nicolae_sif_muna_condensation, hangedman_decor_slide_cut,
          uniq_grinder, uniq_eustachio
D:7:      layout_basic, old_standard_altar, serial_glass, glass_columns_a,
          glass_columns_b, glass_columns_a, glass_columns_c, glass_columns_b,
          glass_columns_b, glass_columns_a, glass_columns_a, glass_columns_a,
          glass_columns_b
D:8:      layout_basic, kennysheep_mini_moat, tso_oasis_becter
D:9:      layout_small_grid
D:10:     layout_big_octagon, mainiacjoe_overflow_catwalk, kennysheep_mini,
          nicolae_take_the_stairs, uniq_harold
D:11:     layout_roguey, grunt_lair_entry_orc_guard_hut, uniq_sonja
Temple:   regret_index_temple_generic_petals

Skill      XL: |  1  2  3  4  5  6  7  8  9 10 11 |
---------------+----------------------------------+-----
Invocations    | 1 2 3 4 5 6 7 |  7.2
Short Blades   | 1 2 3 4 5 6 |  6.6
Long Blades    | 1 2 3 4 5 6 |  6.6
Maces & Flails | 1 2 3 4 5 6 |  6.6
Polearms       | 1 2 3 4 5 6 |  6.6
Staves         | 1 2 3 4 5 6 |  6.6
Ranged Weapons | 1 2 3 4 5 6 |  6.6
Throwing       | 1 2 3 4 5 6 |  6.6
Dodging        | 1 2 3 4 5 6 |  6.6
Stealth        | 1 2 3 4 5 6 |  6.6
Unarmed Combat | 1 2 3 4 5 6 |  6.6
Spellcasting   | 1 2 3 4 5 6 |  6.6
Evocations     | 1 2 3 4 5 6 |  6.6
Shapeshifting  | 1 2 3 4 5 6 |  6.0
Conjurations   | 1 2 3 4 5 |  5.5
Hexes          | 1 2 3 4 5 |  5.5
Summonings     | 1 2 3 4 5 |  5.5
Necromancy     | 1 2 3 4 5 |  5.5
Translocations | 1 2 3 4 5 |  5.5
Transmutations | 1 2 3 4 5 |  5.5
Fire Magic     | 1 2 3 4 5 |  5.5
Ice Magic      | 1 2 3 4 5 |  5.5
Air Magic      | 1 2 3 4 5 |  5.5
Earth Magic    | 1 2 3 4 5 |  5.5
Poison Magic   | 1 2 3 4 5 |  5.5
Axes           | 5 6 7 8 |  8.1
Fighting       | 7 8 9 |  9.4
Armour         | 7 8 9 |  9.4
Shields        | 7 8 9 |  9.4

Action                     |  1- 3 |  4- 6 |  7- 9 | 10-12 || total
---------------------------+-------+-------+-------+-------++-------
  Melee: War axe           |    80 |   184 |   184 |    15 ||   463
         Bite              |     7 |    21 |    46 |    29 ||   103
         Dagger            |       |       |   163 |    82 ||   245
         Battleaxe         |       |       |       |   154 ||   154
         Punch             |       |       |       |     1 ||     1
         Rapier            |       |       |       |     1 ||     1
  Throw: Javelin           |       |       |     2 |     5 ||     7
         Dart              |       |       |       |    25 ||    25
 Invoke: Draw Destruction  |       |     1 |     5 |       ||     6
         Draw Summoning    |       |       |     1 |     1 ||     2
  Evoke: Wand              |       |       |     7 |       ||     7
    Use: Potion            |       |     1 |       |       ||     1
         Scroll            |       |       |     5 |     2 ||     7
   Stab: Sleeping          |       |       |       |     1 ||     1
 Armour: Scale mail        |    60 |   134 |   229 |   225 ||   648
  Dodge: Dodged            |    27 |    76 |   167 |   185 ||   455
  Block: Buckler           |    23 |    60 |   111 |    38 ||   232

Table legend: (Time is in decaauts)
 A = Elapsed time spent in this place.
 B = Non-inter-level travel time spent in this place.
 C = Inter-level travel time spent in this place.
 D = Time resting spent in this place.
 E = Time spent auto-exploring this place.
 F = Levels seen in this place.
 G = Mean time per level.
                   A        B        C        D        E       F      G
               +--------+--------+--------+--------+--------+-----+--------+
         Total |  11596 |  11145 |    451 |   1048 |   7947 |  12 |  966.3 |
       Dungeon |  11595 |  11144 |    451 |   1048 |   7947 |  11 | 1054.1 |
        Temple |      1 |      1 |      0 |      0 |      0 |   1 |    1.0 |
               +--------+--------+--------+--------+--------+-----+--------+

Top non-repeatable levels by time:
     D:7: 1675 daAuts
    D:11: 1338 daAuts
     D:9: 1170 daAuts
     D:5: 1155 daAuts
     D:4: 1140 daAuts
     D:2: 1118 daAuts
     D:6: 976 daAuts
     D:8: 840 daAuts
     D:3: 778 daAuts
     D:1: 741 daAuts
    D:10: 659 daAuts
  Temple: 1 daAuts

Levels and vault maps discovered:
D:1:      amcnicky_arrival_feature_with_door, layout_basic, minmay_tromino_v4_b
D:2:      layout_basic, basic_altar, uniq_terence
D:3:      layout_rooms, gammafunk_ghost_mausoleum
D:4:      layout_basic, temple_statues, uniq_menkaure
D:5:      layout_cave_pools, uniq_pikel
D:6:      layout_basic, overflow_temple_1_default,
          nicolae_sif_muna_condensation, hangedman_decor_slide_cut,
          uniq_grinder, uniq_eustachio
D:7:      layout_basic, old_standard_altar, serial_glass, glass_columns_a,
          glass_columns_b, glass_columns_a, glass_columns_c, glass_columns_b,
          glass_columns_b, glass_columns_a, glass_columns_a, glass_columns_a,
          glass_columns_b
D:8:      layout_basic, kennysheep_mini_moat, tso_oasis_becter
D:9:      layout_small_grid
D:10:     layout_big_octagon, mainiacjoe_overflow_catwalk, kennysheep_mini,
          nicolae_take_the_stairs, uniq_harold
D:11:     layout_roguey, grunt_lair_entry_orc_guard_hut, uniq_sonja
Temple:   regret_index_temple_generic_petals
